 Dungeon Crawl Stone Soup version 0.31.0-32-g396128a36d (webtiles) character file.

Game seed: 7059772267646730045

56 James the Vexing (level 3, -1/28 HPs)
             Began as a Gnoll Hexslinger on Mar 22, 2024.
             Slain by an orc
             ... wielding a +0 flail
              (7 damage)
             ... on level 4 of the Dungeon.
             The game lasted 00:06:10 (1985 turns).

James the Vexing (Gnoll Hexslinger)                 Turns: 1985, Time: 00:06:10

Health: -1/28      AC:  2    Str:  7    XL:     3   Next: 95%
Magic:  16/16      EV: 13    Int: 14    God:
Gold:   153        SH:  0    Dex: 14    Spells: 5/7 levels left

rFire   . . .        a - +1 sling
rCold   . . .        (no shield)
rNeg    . . .        c - +0 robe
rPois   .            (no helmet)
rElec   .            (no cloak)
rCorr   .            (no gloves)
SInv    .            (no boots)
Will    .....        (no amulet)
Stlth   ++           m - ring of magical power
HPRegen 0.24/turn    (no ring)
MPRegen 0.15/turn

%: no passive effects
@: no status effects
A: fangs 1, strong nose, distributed training
a: no special abilities


You were on level 4 of the Dungeon.
You visited 1 branch of the dungeon, and saw 4 of its levels.

You collected 218 gold pieces.
You spent 65 gold pieces at shops.

Inventory:

Hand Weapons
 a - a +1 sling (weapon)
 b - a +0 dagger
   (You took it off a goblin on level 1 of the Dungeon)
 k - a +0 hand axe
   (You found it on level 1 of the Dungeon)
 u - a +0 short sword
   (You took it off an orc on level 2 of the Dungeon)
 x - a +0 whip of venom
   (You found it on level 2 of the Dungeon)
 F - a +0 flail
   (You found it on level 3 of the Dungeon)
Missiles
 G - 2 silver javelins
Armour
 c - a +0 robe (worn)
 d - a +0 leather armour
   (You found it on level 1 of the Dungeon)
 f - a +0 leather armour
   (You found it on level 1 of the Dungeon)
 l - a +3 chain mail
   (You found it on level 1 of the Dungeon)
 n - a +0 ring mail
   (You found it on level 1 of the Dungeon)
 s - a +0 plate armour
   (You found it on level 2 of the Dungeon)
 t - a +0 scale mail
   (You took it off an orc on level 2 of the Dungeon)
 B - a +0 ring mail
   (You found it on level 1 of the Dungeon)
 C - a +0 chain mail
   (You found it on level 3 of the Dungeon)
 E - a +0 ring mail
   (You took it off an orc on level 3 of the Dungeon)
Jewellery
 m - a ring of magical power (left hand)
   (You found it on level 1 of the Dungeon)
Scrolls
 i - a scroll of poison {!r}
 j - a scroll of torment {unknown}
 o - a scroll of fog
 r - a scroll of brand weapon {unknown}
 w - a scroll of enchant weapon {unknown}
 y - a scroll of teleportation {@r4}
 A - a scroll of vulnerability {unknown}
 D - a scroll of enchant armour {unknown}
Potions
 e - a potion of enlightenment {unknown}
 h - 2 potions of might {unknown}
 p - 2 potions of curing {@q1}
 q - a potion of attraction {unknown}
 v - a potion of berserk rage {unknown}
 z - a potion of heal wounds {@q2}


   Skills:
 + Level 2.7 Fighting
 + Level 1.0 Short Blades
 + Level 1.0 Long Blades
 + Level 1.0 Axes
 + Level 1.0 Maces & Flails
 + Level 1.0 Polearms
 + Level 1.0 Staves
 + Level 4.6 Ranged Weapons
 + Level 1.0 Throwing
 + Level 1.0 Armour
 + Level 4.6 Dodging
 + Level 1.0 Stealth
 + Level 1.0 Shields
 + Level 1.0 Unarmed Combat
 + Level 2.9 Spellcasting
 + Level 0.7 Conjurations
 + Level 5.4 Hexes
 + Level 0.7 Summonings
 + Level 0.7 Necromancy
 + Level 0.7 Translocations
 + Level 2.2 Fire Magic
 + Level 0.7 Ice Magic
 + Level 0.7 Air Magic
 + Level 0.7 Earth Magic
 + Level 0.7 Alchemy
 + Level 1.1 Invocations
 + Level 1.0 Evocations
 + Level 0.9 Shapeshifting


You had 5 spell levels left.
You knew the following spells:

 Your Spells              Type           Power      Damage    Failure   Level
a - Jinxbite              Hex            34%        N/A       3%          2

Your spell library contained the following spells:

 Spells                   Type           Power      Damage    Failure   Level
 Sigil of Binding         Hex            17%        N/A       7%          3
 Inner Flame              Hex/Fire       12%        N/A       14%         3
 Shock                    Conj/Air       16%        1d4       16%         1
 Cause Fear               Hex            8%         N/A       22%         4
 Hailstorm                Conj/Ice       4%         3d5       43%         3
 Summon Ice Beast         Ice/Summ       4%         N/A       43%         3
 Swiftness                Air            4%         N/A       43%         3
 Dimensional Bullseye     Hex/Tloc       5%         N/A       52%         4
 Airstrike                Air            2%         2d(1-17)  85%         4
 Sculpt Simulacrum        Ice/Alch       2%         N/A       100%        6


Dungeon Overview and Level Annotations

Branches:
Dungeon (4/15)
 Temple: D:4-7

Altars:

Shops:
D:1 [   D:2 !   D:4 [


Innate Abilities, Weirdness & Mutations

You have very sharp teeth.
Your uncanny sense of smell can sniff out nearby items.
Your experience applies equally to all skills.


Message History

p - 2 potions of curing You drop 2 potions of degeneration {!q}.
As you read the scroll labelled GEDY REOKKA, it dissolves into smoke.
It was a scroll of fog.
As you read the scroll labelled NUXTEH IBLUG, it crumbles to dust.
You feel strangely unstable.
It was a scroll of teleportation.
You climb upwards.
There is a stone staircase leading down here.
Unknown command.
Unknown command.
Your surroundings suddenly seem different.
There is a stone staircase leading down here.
You climb downwards.
Found a pair of boots.
Found Wefaiw's Antique Armour Shoppe.
Found a stone staircase leading down.
There is a stone staircase leading up here.
Found a fizzy clear potion.
There is an entrance to Wefaiw's Antique Armour Shoppe here.
Found 8 gold pieces.
e - a fizzy clear potion An orc comes into view.
It is wielding a +0 club.
You shoot a sling bullet. The sling bullet hits the orc.
The orc shouts!
You hear a shout!
An orc comes into view. It is wielding a +0 flail.
The orc moves out of view.
An orc comes into view. It is wielding a +0 war axe.
You shoot a sling bullet. The sling bullet hits the orc.
You hear a shout! x2
You shoot a sling bullet.
The sling bullet hits the orc but does no damage.
You shoot a sling bullet. The sling bullet hits the orc.
You kill the orc!
An orc comes into view. It is wielding a +0 dagger.
You shoot a sling bullet. The orc shouts!
The sling bullet hits the orc but does no damage.
You shoot a sling bullet. The sling bullet hits the orc.
You shoot a sling bullet. The sling bullet hits the orc.
The orc hits you with a +0 club. The orc hits you with a +0 dagger.
You shoot a sling bullet. The sling bullet barely misses the orc.
The orc hits you with a +0 club. The orc misses you.
You shoot a sling bullet. The sling bullet hits the orc!
You kill the orc!
The orc hits you with a +0 flail. The orc barely misses you.
The orc attacks as it pursues you! The orc hits you with a +0 flail.
* * * LOW HITPOINT WARNING * * *
The orc attacks as it pursues you! The orc hits you with a +0 flail!
* * * LOW HITPOINT WARNING * * *
The orc attacks as it pursues you! The orc hits you with a +0 flail!
You die...

....... .........
.........#
...$.....###### ###
.........8#8#8##...
...............#.#
.........>.∩.<...#
................##
........@8#8)8###
........o#....#
..........o##.)..#
........##########
.######## ∆


You could see an orc.

Vanquished Creatures
  2 dart slugs
  8 orcs
  4 ball pythons
  5 endoplasms
  3 hobgoblins
  3 kobolds
  A quokka (D:2)
  4 bats
  2 frilled lizards
  5 goblins
  3 rats
40 creatures vanquished.

Notes
Turn   | Place    | Note
-------+----------+-------------------------------------------
     0 | D:1      | James the Gnoll Hexslinger began the quest for the Orb.
     0 | D:1      | Reached XP level 1. HP: 17/17 MP: 4/4
    72 | D:1      | Found Elenn's Antique Armour Boutique.
   180 | D:1      | Reached XP level 2. HP: 23/23 MP: 5/5
   194 | D:1      | Learned a level 2 spell: Jinxbite
   794 | D:2      | Reached XP level 3. HP: 25/28 MP: 7/7
   933 | D:2      | Found Qamew's Distillery.
   992 | D:2      | Reached skill level 1 in Invocations
  1308 | D:2      | Bought a potion of heal wounds for 65 gold pieces
  1467 | D:3      | Found a faded altar of an unknown god.
  1682 | D:3      | Reached skill level 1 in Short Blades
  1682 | D:3      | Reached skill level 1 in Long Blades
  1682 | D:3      | Reached skill level 1 in Axes
  1682 | D:3      | Reached skill level 1 in Maces & Flails
  1682 | D:3      | Reached skill level 1 in Polearms
  1682 | D:3      | Reached skill level 1 in Staves
  1682 | D:3      | Reached skill level 1 in Throwing
  1682 | D:3      | Reached skill level 1 in Armour
  1682 | D:3      | Reached skill level 1 in Stealth
  1682 | D:3      | Reached skill level 1 in Shields
  1682 | D:3      | Reached skill level 1 in Unarmed Combat
  1682 | D:3      | Reached skill level 1 in Evocations
  1957 | D:4      | Found Wefaiw's Antique Armour Shoppe.
  1985 | D:4      | Slain by an orc

Illustrated notes

Levels and vault maps discovered:
D:1:      dpeg_arrival_radiant, layout_basic, serial_shops, shop
D:2:      layout_rooms, serial_forest, infiniplex_forest_end_double,
          infiniplex_forest_straight_3, infiniplex_forest_straight_5,
          infiniplex_forest_lined_room_3, serial_shops,
          nicolae_shop_tiny_waterfront, minmay_tripent
D:3:      layout_loops_ring, shapermc_ecumenical_altar_ellora
D:4:      layout_basic, nicolae_stop_n_shop_2, uniq_robin

Skill      XL: |  1  2  3 |
---------------+----------+-----
Fire Magic     | 2 |  2.2
Invocations    | 1 |  1.1
Short Blades   | 1 |  1.0
Long Blades    | 1 |  1.0
Axes           | 1 |  1.0
Maces & Flails | 1 |  1.0
Polearms       | 1 |  1.0
Staves         | 1 |  1.0
Throwing       | 1 |  1.0
Armour         | 1 |  1.0
Stealth        | 1 |  1.0
Shields        | 1 |  1.0
Unarmed Combat | 1 |  1.0
Evocations     | 1 |  1.0
Fighting       | |  2.7
Ranged Weapons | |  4.6
Dodging        | |  4.6
Spellcasting   | |  2.9
Conjurations   | |  0.7
Hexes          | |  5.4
Summonings     | |  0.7
Necromancy     | |  0.7
Translocations | |  0.7
Ice Magic      | |  0.7
Air Magic      | |  0.7
Earth Magic    | |  0.7
Alchemy        | |  0.7
Shapeshifting  | |  0.9

Action                     || total
---------------------------++-------
   Fire: Sling             ||   102
   Cast: Jinxbite          ||     1
    Use: Scroll            ||     4
 Armour: Robe              ||    17
  Dodge: Dodged            ||    18
